 Dungeon Crawl Stone Soup version 0.25.1-2-g60ff931df9 (webtiles) character file.

Game seed: 4004558885040641882

10637 Exodus22XD the Party-goer (level 11, 0/82 HPs)
             Began as a Demonspawn Gladiator on Oct 31, 2020.
             Was a Follower of Uskayaw.
             Slain by an unseen horror (11 damage)
             ... on level 12 of the Dungeon.
             The game lasted 00:20:16 (13392 turns).

Exodus22XD the Party-goer (Demonspawn Gladiator)   Turns: 13392, Time: 00:20:16

Health: 0/82       AC: 14    Str: 17    XL:     11   Next: 38%
Magic:  18/18      EV: 16    Int: 13    God:    Uskayaw [*.....]
Gold:   772        SH:  0    Dex: 26    Spells: 10/10 levels left

rFire    + . .     SeeInvis .   a - +0 trident
rCold    + . .     Gourm    .   (no shield)
rNeg     . . .     Faith    .   I - +6 leather armour "Vist" {-Tele rPois rC++ Int+4}
rPois    +         Spirit   .   (helmet restricted)
rElec    .         Reflect  .   Q - +1 cloak
rCorr    .         Harm     .   q - +0 pair of gloves
MR       .....     NoTele   +   t - +0 pair of boots
Stlth    ++++++....             N - amulet of regeneration
HPRegen  0.63/turn              L - ring of fire
MPRegen  0.16/turn              w - +6 ring of dexterity

@: no status effects
A: horns 1, thin skeletal structure 2, demonic guardian 1, nightstalker 1
a: Stomp, Renounce Religion


You were on level 12 of the Dungeon.
You worshipped Uskayaw.
Uskayaw was aware of your devotion.
You were not hungry.

You visited 1 branch of the dungeon, and saw 12 of its levels.
You also visited: Ossuary.

You collected 850 gold pieces.
You spent 78 gold pieces at shops.

Inventory:

Hand Weapons
 a - a +0 trident (weapon)
Missiles
 d - 3 throwing nets (quivered)
Armour
 g - a +1 chain mail of positive energy
 q - a +0 pair of gloves (worn)
 t - a +0 pair of boots (worn)
 I - the +6 leather armour "Vist" (worn) {-Tele rPois rC++ Int+4}
   (You found it on level 6 of the Dungeon)

   It affects your intelligence (+4).
   It greatly protects you from cold.
   It protects you from poison.
   It prevents most forms of teleportation.
 Q - a +1 cloak (worn)
Jewellery
 o - an uncursed ring of protection from cold
 w - a +6 ring of dexterity (right hand)
 z - an uncursed ring of magical power
 L - a ring of fire (left hand)
 N - an amulet of regeneration (around neck)
Wands
 j - a wand of paralysis (9)
 s - a wand of clouds (4)
 v - a wand of iceblast (19)
 A - a wand of polymorph (4)
 H - a wand of acid (7)
 P - a wand of random effects (21)
 R - a wand of disintegration (16)
Scrolls
 c - a scroll of enchant weapon
 i - 3 scrolls of enchant armour
 n - 4 scrolls of remove curse
 r - 7 scrolls of teleportation
 x - 5 scrolls of fog
 y - 2 scrolls of magic mapping
 E - a scroll of holy word
 F - 4 scrolls of blinking {unknown}
 G - 3 scrolls of vulnerability {unknown}
 K - a scroll of silence {unknown}
 O - a scroll of amnesia
 S - a scroll of summoning {unknown}
Potions
 e - 4 potions of brilliance
 h - a potion of stabbing {unknown}
 k - 2 potions of flight
 l - 5 potions of curing
 m - 5 potions of lignification
 p - a potion of invisibility
 u - a potion of cancellation
 B - 3 potions of heal wounds
 C - a potion of ambrosia {unknown}
 D - 3 potions of mutation {unknown}
 J - 3 potions of haste {unknown}
 M - a potion of degeneration {unknown}
Comestibles
 f - 30 rations
 T - 2 chunks of flesh


   Skills:
 + Level 6.3 Fighting
 + Level 10.1 Polearms
 - Level 1.7 Throwing
 + Level 4.5 Armour
 + Level 5.3 Dodging
 + Level 7.7 Stealth
 * Level 10.4 Invocations


You had 10 spell levels left.
You didn't know any spells.
Your spell library contained the following spells:

 Spells                   Type           Power        Failure   Level  Hunger
 Animate Skeleton         Necr           N/A          36%         1    ##.....
 Foxfire                  Conj/Fire      #...         36%         1    ##.....
 Pain                     Necr           #...         36%         1    ##.....
 Conjure Flame            Conj/Fire      #.......     73%         3    ####...
 Inner Flame              Hex/Fire       #.......     73%         3    ####...
 Vampiric Draining        Necr           #.........   73%         3    ####...
 Animate Dead             Necr           N/A          98%         4    #####..
 Sticky Flame             Conj/Fire      #.......     98%         4    #####..
 Agony                    Necr           #.......     100%        5    ######.
 Fireball                 Conj/Fire      #.........   100%        5    ######.


Dungeon Overview and Level Annotations

Branches:
Dungeon (12/15)            Temple (0/1) D:6            Lair (0/6) D:10
    Orc (0/2) D:12        Ossuary (visited)

Altars:
Ashenzari
Elyvilon
Fedhas
Hepliaklqana
Qazlal
Ru
Uskayaw
Wu Jian
Xom
The Shining One

Shops:
D:4 %   D:7 ?

Annotations:
D:8 2 transporters, groda1's ghost, novice DECj


Innate Abilities, Weirdness & Mutations

You have a pair of small horns on your head.
You have a moderately thin skeletal structure. (Dex +4, Stealth+)
A weak demonic guardian rushes to your aid.
You are slightly more attuned to the shadows.


Message History

Something hits you!
* * * LOW HITPOINT WARNING * * *
Your shadow imp hits the ogre mage but does no damage.
The ogre mage closely misses you.
Okay, then.
As you read the scroll of fear, it crumbles to dust.
You assume a fearsome visage.
Your shadow imp is unaffected.
The ogre mage looks frightened!
Your shadow imp hits the ogre mage.
The ogre mage mumbles some strange words.
The ogre mage blinks!
The ogre mage cowers, then darts away.
The ogre mage mumbles some strange words.
The ogre mage blinks!
You can no longer pass through a line of other dancers.
Something hits you but does no damage.
The ogre mage casts a spell.
The ogre mage blinks!
Something hits you!
You die...

....#.#.#......
......#.#.#.#.#
#.......#......
#####+#########+#
#.........#
#....#....# #
#..#5..#..#
+.'####....)....#
#....@.#..⌠..#.+
+.+####.........#
#..#...#..#
#....#....#
#O........#
#####'#########+#
.........5((..(...
###########.######
#.......


You could see an ogre mage (fleeing) and a friendly shadow imp (summoned).

Vanquished Creatures
  2 two-headed ogres
  A deep elf mage (D:12)
  2 cyclopes (D:12)
  2 hippogriffs (D:10)
  A spriggan (D:10)
  4 yaks
  2 basilisks
  A hungry ghost (D:12)
  2 vampire mosquitoes
  A water moccasin (D:7)
  2 ice beasts
  2 porcupines (D:10)
  4 slaves (D:5)
  A sky beast (D:8)
  4 black bears
  6 orc warriors
  2 centaurs
  5 ogres
  A phantom (D:5)
  A crocodile (D:10)
  4 big kobolds
  An elf zombie (Ossuary)
  5 bullfrogs
  2 scorpions (D:10)
  6 killer bees (D:10)
  3 wights (D:8)
  6 howler monkeys
  A crimson imp (D:11)
  4 bullfrog zombies
  A centaur zombie (D:12)
  5 hounds
  4 orc priests
  A jelly (D:6)
  6 orc wizards
  2 bullfrog skeletons
  2 iguanas
  12 worker ants
  A big kobold zombie (Ossuary)
  A hound skeleton (D:8)
  4 mummies (Ossuary)
  14 gnolls
  13 adders
  A shadow imp (D:11)
  3 oozes
  2 adder zombies (Ossuary)
  2 worms
  A dart slug (D:3)
  10 leopard geckos
  23 orcs
  2 ball pythons
  2 giant cockroaches
  3 hobgoblins
  9 jackals
  21 kobolds
  2 quokkas
  10 bats
  7 frilled lizards
  5 goblins
  A jackal skeleton (D:4)
  A leopard gecko skeleton (D:6)
  3 orc zombies (Ossuary)
  4 quokka skeletons
  A quokka zombie (D:6)
  8 rats
  3 rat zombies (Ossuary)
  A fungus (D:1)
269 creatures vanquished.

Vanquished Creatures (collateral kills)
  Pikel (D:5)
  An ugly thing (D:11)
  A centaur skeleton (D:12)
  A troll (D:11)
  Eustachio (D:5)
  A vampire mosquito (D:10)
  A porcupine (D:10)
  A phantom (D:6)
  A necrophage (D:7)
  A centaur (D:6)
  A bullfrog (D:12)
  Dowan (D:7)
  A bullfrog zombie (D:5)
  2 hounds
  2 orc priests
  An orc wizard (D:6)
  A bullfrog skeleton (D:5)
  8 orcs
  A kobold (D:8)
  A goblin zombie (Ossuary)
  A rat zombie (Ossuary)
30 creatures vanquished.

Vanquished Creatures (others)
  Duvessa (D:7)
  A worker ant (D:12)
  A kobold (D:8)
  25 fungi (D:10)
  14 plants (D:10)
42 creatures vanquished.

Grand Total: 341 creatures vanquished

Notes
Turn   | Place    | Note
-------+----------+-------------------------------------------
     0 | D:1      | Exodus22XD the Demonspawn Gladiator began the quest for the
                  | Orb.
     0 | D:1      | Reached XP level 1. HP: 16/16 MP: 1/1
   384 | D:1      | Gained mutation: A weak demonic guardian rushes to your
                  | aid. [demonic ancestry]
   384 | D:1      | Reached XP level 2. HP: 22/22 MP: 2/2
  1210 | D:2      | Found a hide-covered altar of Uskayaw.
  1227 | D:2      | Became a worshipper of Uskayaw the Reveler
  1253 | D:2      | Reached * piety under Uskayaw
  1260 | D:2      | Reached ** piety under Uskayaw
  1541 | D:2      | Gained mutation: You have a pair of small horns on your
                  | head. [demonic ancestry]
  1541 | D:2      | Reached XP level 3. HP: 12/27 MP: 3/3
  1760 | D:2      | Reached skill level 1 in Invocations
  2052 | D:2      | Reached skill level 1 in Armour
  2052 | D:2      | Reached XP level 4. HP: 28/33 MP: 4/4
  2548 | D:3      | Reached *** piety under Uskayaw
  2652 | D:3      | Reached XP level 5. HP: 29/39 MP: 6/6
  3139 | D:3      | Found a blossoming altar of Fedhas.
  3141 | D:3      | Found an ornate altar of the Wu Jian Council.
  3159 | D:3      | Found a stormy altar of Qazlal.
  3830 | D:4      | Gained mutation: You have a somewhat thin skeletal
                  | structure. (Dex +2, Stealth) [demonic ancestry]
  3830 | D:4      | Reached XP level 6. HP: 41/46 MP: 8/8
  3868 | D:4      | Found Joroityr's Food Boutique.
  4169 | D:4      | Reached skill level 5 in Polearms
  4314 | D:4      | Reached XP level 7. HP: 50/52 MP: 9/9
  5253 | D:4      | Reached skill level 1 in Stealth
  5282 | D:5      | Entered Level 5 of the Dungeon
  5386 | D:5      | Noticed Pikel
  5411 | D:5      | Killed Pikel
  5411 | D:5      | Reached skill level 5 in Invocations
  5411 | D:5      | Reached XP level 8. HP: 10/60 MP: 10/12
  5725 | D:5      | Noticed Eustachio
  5750 | D:5      | Killed Eustachio
  5931 | D:5      | Found a sand-covered staircase.
  5940 | Ossuary  | Entered an ossuary
  5983 | Ossuary  | Reached **** piety under Uskayaw
  6387 | D:5      | Found a white marble altar of Elyvilon.
  6939 | D:6      | Found a staircase to the Ecumenical Temple.
  7259 | D:6      | Gained mutation: You have a moderately thin skeletal
                  | structure. (Dex +4, Stealth+) [demonic ancestry]
  7259 | D:6      | Reached XP level 9. HP: 43/66 MP: 14/14
  7437 | D:6      | Found a shattered altar of Ashenzari.
  7577 | D:6      | Got a steaming leather armour
  7588 | D:6      | Identified the +6 leather armour "Vist" {-Tele rPois rC++
                  | Int+4} (You found it on level 6 of the Dungeon)
  7834 | D:6      | Reached ***** piety under Uskayaw
  8280 | D:7      | Found Cytyluma's Magic Scroll Boutique.
  8348 | D:7      | Bought a scroll of identify for 26 gold pieces
  8348 | D:7      | Bought a scroll of identify for 26 gold pieces
  8348 | D:7      | Bought a scroll of identify for 26 gold pieces
  8898 | D:7      | Reached skill level 5 in Fighting
  8932 | D:7      | Noticed Duvessa
  8932 | D:7      | Noticed Dowan
  8958 | D:7      | Killed Duvessa
  8963 | D:7      | Killed Dowan
  9654 | D:8      | Found a transporter.
  9687 | D:8      | Reached skill level 5 in Stealth
  9714 | D:8      | Found a transporter.
  9715 | D:8      | Noticed groda1's ghost (novice DECj)
  9848 | D:8      | Found a snail-covered altar of Cheibriados.
  9850 | D:8      | Found a glowing golden altar of the Shining One.
  9850 | D:8      | Found a shimmering blue altar of Sif Muna.
  9852 | D:8      | Found a white marble altar of Elyvilon.
  9852 | D:8      | Found a shimmering altar of Xom.
  9852 | D:8      | Found a hazy altar of Hepliaklqana.
 10181 | D:9      | You fall into a shaft and drop 1 floor!
 10181 | D:10     | Entered Level 10 of the Dungeon
 10338 | D:10     | Gained mutation: You are slightly more attuned to the
                  | shadows. [demonic ancestry]
 10338 | D:10     | Reached XP level 10. HP: 51/74 MP: 16/16
 10872 | D:10     | Found a staircase to the Lair.
 10982 | D:10     | Noticed a two-headed ogre
 10995 | D:10     | Killed a two-headed ogre
 11650 | D:10     | Found a sacrificial altar of Ru.
 11897 | D:11     | Noticed a two-headed ogre
 11918 | D:11     | Killed a two-headed ogre
 11918 | D:11     | Reached skill level 5 in Dodging
 12162 | D:11     | Noticed a green ugly thing
 12172 | D:11     | Killed a green ugly thing
 12172 | D:11     | Reached skill level 10 in Invocations
 12172 | D:11     | Reached XP level 11. HP: 75/81 MP: 14/18
 12175 | D:11     | Reached ****** piety under Uskayaw
 12753 | D:12     | Found a staircase to the Orcish Mines.
 12926 | D:12     | Noticed a deep elf mage
 12965 | D:12     | Killed a deep elf mage
 13033 | D:12     | Reached skill level 10 in Polearms
 13360 | D:12     | Noticed an ogre mage
 13392 | D:12     | Slain by an unseen horror

Illustrated notes

Levels and vault maps discovered:
D:1:      dpeg_cavernosity, layout_basic, minmay_misc_feat_five
D:2:      layout_basic, lemuel_doored_altar, chequers_jeans
D:3:      kennysheep_six_static_rooms, layout_basic, grunt_temple_overflow_open
D:4:      minmay_clustersquares, layout_basic, serial_shops,
          nicolae_shop_statue_plus
D:5:      layout_loops_ring, nicolae_overflow_crystal_walls, first_ration,
          chequers_ossuary_entry_cave, uniq_eustachio, uniq_pikel
D:6:      layout_basic, evilmike_ruin_ashenzari, minmay_temple_entry_mist,
          minmay_joined_circles
D:7:      layout_loops_ring, serial_shops, shop, grunt_ministairs_8,
          uniq_duvessa
D:8:      layout_rooms, doesnt_xom_only_xom, gammafunk_ghost_hive,
          corexii_checkpoint_a
D:9:      layout_gridville, bloody_trog, overflow_temple_1_default
D:10:     layout_loops_ring, due_lair_maze_entry_diamond, the_bakery,
          nicolae_ru_the_path_less_chosen
D:11:     layout_gridville
D:12:     minmay_the_grid_4x2 [minmay_the_grid_gridbox,
          minmay_the_grid_diamond_grid, minmay_the_grid_zigzag_pyramid,
          minmay_the_grid_slots, minmay_the_grid_pillar_ring,
          minmay_the_grid_stretched_grid, minmay_the_grid_minigrid_small,
          minmay_the_grid_prize_four_corners], layout_rooms, david_orc_2

Skill      XL: |  1  2  3  4  5  6  7  8  9 10 11 |
---------------+----------------------------------+-----
Polearms       | 3 4 5 6 7 8 9 10 | 10.1
Dodging        | 3 4 5 |  5.3
Invocations    | 1 2 3 5 7 8 10 | 10.4
Armour         | 1 2 3 4 |  4.5
Fighting       | 3 4 5 6 |  6.3
Stealth        | 1 3 5 6 7 |  7.7
Throwing       | |  1.7

Action                   |  1- 3 |  4- 6 |  7- 9 | 10-12 || total
-------------------------+-------+-------+-------+-------++-------
Melee: Trident           |   158 |   222 |   532 |   420 ||  1332
       Headbutt          |     3 |    44 |   126 |   129 ||   302
Invok: Line Pass         |       |       |       |     3 ||     3
  Use: Scroll            |       |       |    15 |     5 ||    20
       Potion            |       |       |     2 |     2 ||     4
 Stab: Paralysed         |       |     2 |    29 |    27 ||    58
       Distracted        |       |       |     7 |     9 ||    16
       Sleeping          |       |       |    15 |     9 ||    24
       Confused          |       |       |       |     2 ||     2
  Eat: Ration            |     1 |       |     1 |     1 ||     3
       Chunk             |       |     7 |    17 |    11 ||    35
Armor: Chain mail        |    90 |   102 |   139 |       ||   331
       Leather armour    |       |       |    46 |   122 ||   168
Dodge: Dodged            |    47 |    66 |   207 |   255 ||   575
